 Dungeon Crawl Stone Soup version 0.20-a0-526-g753eaab (webtiles) character file.

1467 KristoblXynda the Insei (level 8, -1/48 HPs)
             Began as an Octopode Transmuter on Jan 26, 2017.
             Was a Believer of Ru.
             Slain by an orc wizard
             ... wielding a +0 dagger
              (2 damage)
             ... while paralysed
             ... on level 5 of the Dungeon.
             The game lasted 00:20:26 (6952 turns).

KristoblXynda the Insei (Octopode Transmuter)       Turns: 6952, Time: 00:20:27

Health: -1/48      AC:  2    Str:  9    XL:     8   Next: 77%
Magic:  9/11       EV:  5    Int: 17    God:    Ru [**....]
Gold:   190        SH:  0    Dex: 18    Spells: 3/11 levels left

rFire    . . .     SeeInvis .     - Unarmed
rCold    + . .     Gourm    .   (shield currently unavailable)
rNeg     . . .     Faith    .   (helmet currently unavailable)
rPois    x         Spirit   .   g - amulet of rage
rElec    .         Reflect  .   n - ring of protection from cold
rCorr    .         Harm     .   (no ring)
MR       .....                  (no ring)
Stlth    ..........             (no ring)
Regen    0.2/turn               (no ring)
                                (no ring)
                                (no ring)
                                (no ring)

@: paralysed, exhausted, spider-form, slowed, drained
A: almost no armour, stealthy swim, (amphibious), 8 rings, (constrict 8),
(camouflage 0), (gelatinous body 0), no stealth, hated by all
a: End Transformation, Renounce Religion, Evoke Berserk Rage


You were on level 5 of the Dungeon.
You worshipped Ru.
Ru was pleased with you.
You were very hungry.
You were a venomous arachnid creature.
You visited 1 branch of the dungeon, and saw 5 of its levels.
You also visited: Sewer.

You collected 190 gold pieces.

Inventory:

Armour
 o - a +1 buckler
Jewellery
 g - an amulet of rage (around neck)
 n - a ring of protection from cold (left front leg)
Wands
 i - a wand of acid (1/15)
Scrolls
 d - 2 scrolls of remove curse
 e - a scroll of fog
 j - 2 scrolls of recharging
 k - a scroll of identify
 q - a scroll of teleportation
Potions
 f - 3 potions of heal wounds {unknown}
 h - 2 potions of curing
 p - 3 potions of might
 r - 2 potions of brilliance {unknown}
 s - a potion of agility
 t - 2 potions of flight {unknown}
Books
 b - a book of Changes

   Spells                             Type                      Level
   a - Beastly Appendage              Transmutation                1
   b - Sticks to Snakes               Transmutation                2
   c - Spider Form                    Transmutation/Poison         3
   d - Ice Form                       Ice/Transmutation            4
   e - Blade Hands                    Transmutation                5
Comestibles
 a - 3 royal jellies
 c - 7 bread rations
 l - 3 meat rations
 m - 2 fruits
 u - 5 chunks of flesh


   Skills:
 - Level 1.0(0.8) Fighting
 - Level 2.0(1.8) Dodging
 * Level 7.8(7.6) Unarmed Combat
 - Level 2.0(1.8) Spellcasting
 + Level 6.4(6.2) Transmutations
 + Level 2.6(2.4) Ice Magic
 - Level 4.1(3.9) Poison Magic


You had 3 spell levels left.
You knew the following spells:

 Your Spells              Type           Power        Failure   Level  Hunger
a - Beastly Appendage     Tmut           ###...       6%          1    #......
b - Spider Form           Tmut/Pois      ###.......   24%         3    ###....
c - Ice Form              Ice/Tmut       ###.....     61%         4    #####..


Dungeon Overview and Level Annotations

Branches:
Dungeon (5/15)
 Temple: D:4-7

Altars:
Dithmenos
Ru

Annotations:
D:5 Grinder


Innate Abilities, Weirdness & Mutations

You cannot wear most types of armour.
You are very stealthy in the water. (Stealth+)
((You are amphibious.))
You can wear up to eight rings at the same time.
((You can use your tentacles to constrict eight enemies at once.))
((Your skin changes colour to match your surroundings (Stealth+).))
((Your rubbery body absorbs attacks. (AC +1, EV +1)))
You cannot be stealthy.
You are hated by all.


Message History

Unknown command.
You are too berserk!
You are too berserk!
You bite Grinder!
Grinder is poisoned.
Grinder is moderately wounded.
The orc wizard closely misses you.
Grinder blinks!
The rat completely misses you.
You completely miss the orc wizard.
You are no longer berserk.
You pass out from exhaustion.
You feel yourself slow down. The orc priest barely misses you.
The orc wizard barely misses you. The rat barely misses you.
The orc priest mumbles some strange prayers to Beogh against you.
Beogh smites you!
* * * LOW HITPOINT WARNING * * *
The orc hits you with a hand axe.
* * * LOW HITPOINT WARNING * * *
The orc wizard hits you but does no damage.
The orc wizard hits you with a dagger.
You die...

.#............#
...........##.###
#...............
#.......r####.##
#.............#
#.............#
#.............#
..........##r#
##......####s#
#.#....##.ooo......
......###......#..#
...#. #......#
..... #..5...#
#......# ######.#
..


You could see Grinder, an orc priest, an orc wizard, an orc and a rat.

Vanquished Creatures
  Prince Ribbit (D:5)
  Eustachio (D:5)
  An ogre (D:4)
  2 centaurs
  3 big kobolds (Sewer)
  A crimson imp (D:5)
  A centaur skeleton (D:4)
  2 hounds (D:4)
  3 orc priests (D:4)
  2 iguanas (D:4)
  5 orc wizards
  2 worker ants
  7 adders
  An ooze (D:3)
  An adder zombie (D:5)
  2 worms
  A dart slug (D:1)
  4 leopard geckos
  29 orcs
  5 ball pythons
  7 bats
  10 giant cockroaches
  7 goblins
  12 hobgoblins
  4 jackals
  6 quokkas
  A ball python skeleton (D:4)
  5 frilled lizards
  24 kobolds
  A quokka skeleton (D:4)
  9 rats
160 creatures vanquished.

Notes
Turn   | Place    | Note
-------+----------+-------------------------------------------
     0 | D:1      | KristoblXynda the Octopode Transmuter began the quest for the Orb.
     0 | D:1      | Reached XP level 1. HP: 13/13 MP: 3/3
    64 | D:1      | Reached XP level 2. HP: 6/18 MP: 5/5
   701 | D:1      | Reached XP level 3. HP: 20/23 MP: 6/6
  1242 | D:2      | Found a sacrificial altar of Ru.
  1272 | D:2      | Became a worshipper of Ru the Awakened
  1603 | D:2      | Learned a level 3 spell: Spider Form
  1815 | D:2      | Reached skill level 4 in Unarmed Combat
  1815 | D:2      | Reached XP level 4. HP: 22/28 MP: 5/7
  2179 | D:3      | Reached XP level 5. HP: 4/33 MP: 8/8
  2735 | D:3      | Noticed a centaur
  2783 | D:3      | Killed a centaur
  2783 | D:3      | Reached skill level 5 in Unarmed Combat
  2783 | D:3      | Reached skill level 1 in Poison Magic
  2912 | D:3      | Gained mutation: You cannot be stealthy. [Ru sacrifice]
  2970 | D:3      | Reached XP level 6. HP: 28/38 MP: 5/9
  3765 | D:4      | Reached XP level 7. HP: 36/43 MP: 10/10
  4141 | D:4      | Reached skill level 5 in Transmutations
  4165 | D:4      | Reached skill level 6 in Unarmed Combat
  5576 | D:4      | Learned a level 4 spell: Ice Form
  5731 | D:5      | Entered Level 5 of the Dungeon
  5738 | D:5      | Noticed Prince Ribbit
  5754 | D:5      | Reached XP level 8. HP: 31/48 MP: 9/11
  5810 | D:5      | Found a glowing drain.
  5832 | Sewer    | Entered a sewer
  6371 | Sewer    | Reached skill level 1 in Ice Magic
  6436 | Sewer    | Reached skill level 7 in Unarmed Combat
  6688 | D:5      | Noticed Eustachio
  6700 | D:5      | Killed Eustachio
  6776 | D:5      | Killed Prince Ribbit
  6911 | D:5      | Found a shadowy altar of Dithmenos.
  6931 | D:5      | Noticed Grinder
  6932 | D:5      | Gained mutation: You are hated by all. [Ru sacrifice]
  6932 | D:5      | Reached * piety under Ru
  6932 | D:5      | Reached ** piety under Ru
  6945 | D:5      | Paralysed by Grinder for 3 turns
  6951 | D:5      | HP: 1/48 [orc/hand axe (3)]
  6952 | D:5      | Slain by an orc wizard

Vault maps used:
D:1:      eino_arrival_tree_alley, minmay_vboxes
D:2:      lemuel_doored_altar
D:3:      first_bread, kennysheep_generic_room_9
D:4:      fountainhead
D:5:      kennysheep_little_box, gup_sewer_entry_glass,
          minmay_misc_feat_diagonals, uniq_grinder, uniq_prince_ribbit1,
          uniq_eustachio
Sewer:    kennysheep_pipe_town

Skill      XL: |  1  2  3  4  5  6  7  8 |
---------------+-------------------------+-----
Transmutations | 3 4 5 6 |  6.4
Unarmed Combat | 4 5 6 7 |  7.8
Poison Magic   | 1 3 4 |  4.1
Ice Magic      | 2 |  2.6
Fighting       | |  1.0
Dodging        | |  2.0
Spellcasting   | |  2.0

Action                   |  1- 3 |  4- 6 |  7- 9 || total
-------------------------+-------+-------+-------++-------
Melee: Unarmed           |   108 |   115 |   176 ||   399
       Constrict         |    26 |    35 |    26 ||    87
       Tentacles         |    10 |    34 |    27 ||    71
       Kick              |     7 |    17 |    15 ||    39
       Punch             |     1 |     3 |    13 ||    17
 Cast: Beastly Appendage |     4 |     9 |     9 ||    22
       Spider Form       |       |     1 |     5 ||     6
Invok: Sacrifice Stealth |       |     1 |       ||     1
       Sacrifice Love    |       |       |     1 ||     1
 Abil: Evoke Berserk Rag |       |     1 |     1 ||     2
Evoke: Wand              |       |     1 |     4 ||     5
  Use: Potion            |       |     2 |     3 ||     5
       Scroll            |       |       |    13 ||    13
 Stab: Sleeping          |     7 |     2 |       ||     9
       Distracted        |     1 |       |       ||     1
       Fleeing           |       |       |     1 ||     1
  Eat: Bread ration      |     1 |       |       ||     1
       Chunk             |       |     6 |     8 ||    14
       Fruit             |       |       |     3 ||     3
Armor: Skin              |     8 |     6 |    10 ||    24
Dodge: Dodged            |    61 |    71 |   119 ||   251
